River Frogs vs Saguenéens
Created - November 12, 2019 at 19:24
Goals
|
| River Frogs |
2 |
3 |
3 |
8 |
| Saguenéens |
3 |
2 |
1 |
6 |
|
Shots
|
| River Frogs |
14 |
10 |
17 |
41 |
| Saguenéens |
9 |
13 |
13 |
35 |
|
1st period
1. Saguenéens , Henrik Samuelsson 1 (Craig Cunningham 3, Duncan Siemens 1) at 6:42
2. Saguenéens , Alexander Wennberg 6 (Carl Hagelin 7, Nathan MacKinnon 1) at 9:42
3. River Frogs , Leon Draisaitl 5 (Timothy Kunes 2, Phoenix Copley) at 11:05 (PP)
4. Saguenéens , Jake McCabe 1 (Alexander Wennberg 6, Seth Helgeson 3) at 14:07
5. River Frogs , Emerson Etem 7 (Christian Hanson 13, Matt Calvert 8) at 15:46
Penalties :
Matt Calvert (Lou) for Hooking (Minor) at 6:47, Nick Mattson (Chi) for Holding (Minor) at 10:26
2nd period
6. River Frogs , Matt Calvert 6 (Christian Hanson 14) at 0:04
7. River Frogs , Emerson Etem 8 (Timothy Kunes 3, Anthony Bitetto 5) at 8:27
8. Saguenéens , Mattias Janmark 1 (Jonathan Drouin 1) at 13:22
9. River Frogs , Borna Rendulic 1 (Shane Sims 3) at 17:08
10. Saguenéens , Alexander Wennberg 7 (Seth Helgeson 4, Mark Stone 9) at 17:46
Penalties :
Justin Florek (Lou) for Hooking (Minor) at 4:46, Emerson Etem (Lou) for Holding (Minor) at 10:54, Nick Mattson (Chi) for Slashing (Minor) at 14:49, Mason Raymond (Chi) for Hooking (Minor) at 18:36
3rd period
11. Saguenéens , Rhett Rakhshani 3 (Henrik Samuelsson 1, Nick Mattson 5) at 13:18
12. River Frogs , Justin Florek 2 (Leon Draisaitl 6, Shane Sims 4) at 14:50
13. River Frogs , Ryan Fitzgerald 1 (Morgan Rielly 3, David Kolomatis 2) at 16:33
14. River Frogs , Christian Hanson 5 (Emerson Etem 3, Matt Calvert 9) at 19:58 (Empty Net)
Penalties :
Mason Raymond (Chi) for Roughing (Minor) at 1:12, Richard Nejezchleb (Lou) for Elbowing (Minor) at 4:24
Goalie Stats
Phoenix Copley (Lou), 29 saves from 35 shots - (0.829), W, 4-1-0, 60:00 minutes
Joe Cannata (Chi), 33 saves from 40 shots - (0.825), L, 6-2-0, 59:16 minutes
Players Stats for River Frogs
Player Name G A P +/- PIM S H SB GA TA FO MP PP MP PK MP
------------------------------------------------------------------------------------
Aaron Ness 0 0 0 1 0 2 0 0 1 1 0/0 19:30 1:43 3:34
Anthony Bitetto 0 1 1 -1 0 6 5 2 0 0 0/0 28:05 4:53 4:22
Austin Watson 0 0 0 -1 0 0 0 0 0 0 0/0 9:33 0:00 0:00
Beau Starrett 0 0 0 0 0 0 0 0 0 0 0/0 0:00 0:00 0:00
Borna Rendulic 1 0 1 -1 0 1 0 0 0 0 0/0 9:40 0:07 0:00
Christian Hanson 1 2 3 2 0 5 0 0 0 0 20/40 23:46 3:29 4:56
David Kolomatis 0 1 1 0 0 0 0 0 0 1 0/0 7:59 0:00 0:00
Dillon Heatherington 0 0 0 1 0 0 0 0 0 0 0/0 4:26 0:00 0:00
Emerson Etem 2 1 3 2 2 3 0 0 1 0 0/0 22:34 3:27 3:29
Francis Perron 0 0 0 0 0 0 0 0 0 0 0/0 0:07 0:07 0:00
Jared Knight 0 0 0 -1 0 1 0 1 0 0 1/2 9:53 0:00 0:20
Joakim Nordstrom 0 0 0 1 0 2 0 1 1 0 0/0 9:56 0:00 1:19
Justin Florek 1 0 1 -1 2 7 2 0 1 0 1/2 15:07 3:00 0:00
Leon Draisaitl 1 1 2 -1 0 2 2 0 0 0 5/8 16:56 3:00 1:59
Mario Lucia 0 0 0 0 0 0 0 0 0 0 0/0 0:12 0:09 0:00
Matt Calvert 1 2 3 2 2 4 1 1 2 1 3/5 20:02 3:29 1:24
Maxim Mamin 0 0 0 0 0 0 0 0 0 0 0/0 3:04 0:00 2:25
Morgan Rielly 0 1 1 0 0 0 0 1 0 0 0/0 7:59 0:00 0:00
Ondrej Kase 0 0 0 -1 0 1 3 0 0 1 0/1 14:57 3:00 0:00
Richard Nejezchleb 0 0 0 1 2 1 0 0 0 0 0/0 8:15 0:00 0:00
Ryan Fitzgerald 1 0 1 1 0 1 0 0 0 0 1/2 7:58 0:00 0:00
Shane Sims 0 2 2 1 0 1 0 3 1 0 0/0 19:30 1:43 3:34
Shea Theodore 0 0 0 1 0 0 0 0 0 0 0/0 4:26 0:00 0:00
Timothy Kunes 0 2 2 -1 0 4 2 1 2 1 0/0 28:05 4:53 4:22
Players Stats for Saguenéens
Player Name G A P +/- PIM S H SB GA TA FO MP PP MP PK MP
------------------------------------------------------------------------------------
Adam Erne 0 0 0 -2 0 0 1 0 0 0 0/0 8:25 0:09 0:00
Alexander Wennberg 2 1 3 3 0 11 3 0 0 0 5/13 15:06 3:39 0:00
Carl Hagelin 0 1 1 3 0 1 4 0 0 0 0/0 15:06 3:39 0:00
Craig Cunningham 0 1 1 0 0 3 1 0 0 0 0/0 12:06 0:09 1:03
Duncan Siemens 0 1 1 0 0 0 0 2 0 1 0/0 12:38 0:00 0:56
Henrik Samuelsson 1 1 2 1 0 2 1 1 1 0 5/11 13:47 0:00 3:46
Jake McCabe 1 0 1 0 0 1 2 1 0 1 0/0 28:04 4:36 3:52
Jonathan Drouin 0 1 1 -3 0 0 2 0 0 0 0/0 13:57 3:39 2:10
Luke Witkowski 0 0 0 -2 0 4 2 0 1 1 1/2 22:30 3:20 3:50
Mark Stone 0 1 1 3 0 2 0 0 1 1 1/1 15:35 4:08 0:00
Mason Raymond 0 0 0 -2 4 0 1 0 1 0 0/1 19:30 4:08 0:00
Mattias Janmark 1 0 1 -2 0 2 1 0 0 0 0/1 8:33 0:00 0:40
Nathan MacKinnon 0 1 1 -2 0 5 0 0 1 0 17/31 21:10 4:08 1:43
Nick Mattson 0 1 1 -1 4 0 1 0 0 1 0/0 19:10 3:20 1:42
Patrick Sieloff 0 0 0 -1 0 0 0 1 0 1 0/0 12:08 0:00 0:06
Rhett Rakhshani 1 0 1 1 0 2 2 0 0 0 0/0 10:38 0:09 0:00
Robert Hagg 0 0 0 -1 0 0 0 0 0 1 0/0 17:01 0:00 2:52
Seth Helgeson 0 2 2 0 0 2 0 1 0 2 0/0 27:56 4:36 3:44
3 Stars
1 - Alexander Wennberg (Chi)
2 - Emerson Etem (Lou)
3 - Christian Hanson (Lou)
Power Play
River Frogs - 1 on 4 Attempt(s) - 25.00%
Saguenéens - 0 on 4 Attempt(s) - 0.00%
Penalty Kill
River Frogs - 4 on 4 Attempt(s) - 100.00%
- Score 0 goal in Penalty Kill
Saguenéens - 3 on 4 Attempt(s) - 75.00%
- Score 0 goal in Penalty Kill
Team Stat
River Frogs - Hits : 15 - Faceoff Wins : 31 - Blocked Shots : 10 - Penalty Minutes : 8
Saguenéens - Hits : 21 - Faceoff Wins : 29 - Blocked Shots : 6 - Penalty Minutes : 8
Official
Referees : Unknown
Linesman : Unknown
Game Notes
Christian Hanson has scored in a empty net!
Finance
Level 1 -- Attendance: 1430 (71.50%) -- Ticket Income $57,200
Level 2 -- Attendance: 715 (71.50%) -- Ticket Income $14,300
Total Attendance: 2145 (71.50%)
Total Ticket Income: $71,500
Other Income: $3,575
Total Income: $75,075
River Frogs
5 vs 5 Forward
Center Left Wing Right Wing Time % Phy DF OF
1 Christian Hanson Matt Calvert Emerson Etem 40 1 2 2
2 Leon Draisaitl Justin Florek Ondrej Kase 30 1 2 2
3 Jared Knight Austin Watson Borna Rendulic 20 1 2 2
4 Ryan Fitzgerald Joakim Nordstrom Richard Nejezchleb 10 1 2 2
5 vs 5 Defense
Defense Defense Time % Phy DF OF
1 Anthony Bitetto Timothy Kunes 40 1 2 2
2 Shane Sims Aaron Ness 30 1 2 2
3 David Kolomatis Morgan Rielly 20 1 2 2
4 Shea Theodore Dillon Heatherington 10 1 2 2
PowerPlay Forward
Center Left Wing Right Wing Time % Phy DF OF
1 Christian Hanson Matt Calvert Emerson Etem 60 1 2 2
2 Leon Draisaitl Justin Florek Ondrej Kase 40 1 2 2
PowerPlay Defense
Defense Defense Time % Phy DF OF
1 Anthony Bitetto Timothy Kunes 60 1 2 2
2 Shane Sims Aaron Ness 40 1 2 2
Penalty Kill 4 Players Forward
Center Wing Time % Phy DF OF
1 Christian Hanson Emerson Etem 60 1 2 2
2 Leon Draisaitl Matt Calvert 40 1 2 2
Penalty Kill 4 Players Defense
Defense Defense Time % Phy DF OF
1 Anthony Bitetto Timothy Kunes 60 1 2 2
2 Shane Sims Aaron Ness 40 1 2 2
Penalty Kill - 3 Players Forward
Forward Time % Phy DF OF
1 Christian Hanson 60 1 2 2
2 Emerson Etem 40 1 2 2
Penalty Kill - 3 Players Defense
Defense Defense Time % Phy DF OF
1 Anthony Bitetto Timothy Kunes 60 1 2 2
2 Shane Sims Aaron Ness 40 1 2 2
4 vs 4 Forward
Center Wing Time % Phy DF OF
1 Christian Hanson Emerson Etem 60 1 2 2
2 Leon Draisaitl Matt Calvert 40 1 2 2
4 vs 4 Defense
Defense Defense Time % Phy DF OF
1 Anthony Bitetto Timothy Kunes 60 1 2 2
2 Shane Sims Aaron Ness 40 1 2 2
Last Minutes Offensive
Center Left Wing Right Wing Defense Defense
Christian Hanson Matt Calvert Emerson Etem Anthony Bitetto Timothy Kunes
Last Minutes Defensive
Center Left Wing Right Wing Defense Defense
Christian Hanson Matt Calvert Emerson Etem Anthony Bitetto Timothy Kunes
Goaltenders
Starting : Phoenix Copley
Backup : Thomas Greiss
Extra Forwards
Normal : Mario Lucia, Francis Perron, Maxim Mamin - PP : Mario Lucia, Francis Perron - PK : Maxim Mamin
Extra Defensemen
Normal : David Kolomatis, Morgan Rielly, Shea Theodore - PP : David Kolomatis - PK : Morgan Rielly, Shea Theodore
Penalty Shots
Christian Hanson, Emerson Etem, Leon Draisaitl, Matt Calvert, Justin Florek
Scratches
Andrew Gordon (Healthy)
Saguenéens
5 vs 5 Forward
Center Left Wing Right Wing Time % Phy DF OF
1 Nathan MacKinnon Mason Raymond Luke Witkowski 40 1 2 2
2 Alexander Wennberg Carl Hagelin Mark Stone 30 1 2 2
3 Henrik Samuelsson Craig Cunningham Rhett Rakhshani 20 1 2 2
4 Mattias Janmark Jonathan Drouin Adam Erne 10 1 2 2
5 vs 5 Defense
Defense Defense Time % Phy DF OF
1 Jake McCabe Seth Helgeson 40 1 2 2
2 Nick Mattson Robert Hagg 30 1 2 2
3 Patrick Sieloff Duncan Siemens 20 1 2 2
4 Jake McCabe Seth Helgeson 10 1 2 2
PowerPlay Forward
Center Left Wing Right Wing Time % Phy DF OF
1 Nathan MacKinnon Mason Raymond Mark Stone 60 1 2 2
2 Alexander Wennberg Carl Hagelin Jonathan Drouin 40 1 2 2
PowerPlay Defense
Defense Defense Time % Phy DF OF
1 Jake McCabe Seth Helgeson 60 1 2 2
2 Nick Mattson Luke Witkowski 40 1 2 2
Penalty Kill 4 Players Forward
Center Wing Time % Phy DF OF
1 Henrik Samuelsson Luke Witkowski 60 1 2 2
2 Nathan MacKinnon Jonathan Drouin 40 1 2 2
Penalty Kill 4 Players Defense
Defense Defense Time % Phy DF OF
1 Jake McCabe Seth Helgeson 60 1 2 2
2 Nick Mattson Robert Hagg 40 1 2 2
Penalty Kill - 3 Players Forward
Forward Time % Phy DF OF
1 Mason Raymond 60 1 2 2
2 Luke Witkowski 40 1 2 2
Penalty Kill - 3 Players Defense
Defense Defense Time % Phy DF OF
1 Jake McCabe Seth Helgeson 60 1 2 2
2 Nick Mattson Robert Hagg 40 1 2 2
4 vs 4 Forward
Center Wing Time % Phy DF OF
1 Nathan MacKinnon Luke Witkowski 60 1 2 2
2 Alexander Wennberg Mark Stone 40 1 2 2
4 vs 4 Defense
Defense Defense Time % Phy DF OF
1 Jake McCabe Seth Helgeson 60 1 2 2
2 Nick Mattson Robert Hagg 40 1 2 2
Last Minutes Offensive
Center Left Wing Right Wing Defense Defense
Nathan MacKinnon Mason Raymond Luke Witkowski Jake McCabe Seth Helgeson
Last Minutes Defensive
Center Left Wing Right Wing Defense Defense
Henrik Samuelsson Mason Raymond Luke Witkowski Jake McCabe Seth Helgeson
Goaltenders
Starting : Joe Cannata
Backup : Tyler Beskorowany
Extra Forwards
Normal : Craig Cunningham, Rhett Rakhshani, Jonathan Drouin - PP : Craig Cunningham, Rhett Rakhshani - PK : Jonathan Drouin
Extra Defensemen
Normal : Patrick Sieloff, Duncan Siemens, Nick Mattson - PP : Patrick Sieloff - PK : Duncan Siemens, Nick Mattson
Penalty Shots
Mason Raymond, Luke Witkowski, Mark Stone, Alexander Wennberg, Nathan MacKinnon
Scratches
Mikhail Grigorenko (Healthy), Tanner Richard (Healthy), Teemu Pulkkinen (Healthy), Juraj Mikus (Bruised Left Leg Injury), Myles Bell (Healthy)
Dylan Labbe (Healthy), Nick Paul (Healthy), Kerby Rychel (Healthy), Calle Andersson (Healthy), Julius Honka (Healthy)
Clark Bishop (Healthy), Nikita Scherbak (Healthy), JJ. Piccinich (Healthy), Michael Giugovaz (Healthy)
% Time on Ice - River Frogs
Lines # - Real PCT - Wanted PCT - Time Play
Normal Forward
1 - 33% - 40% - 14:46
2 - 27% - 30% - 11:57
3 - 22% - 20% - 9:33
4 - 18% - 10% - 7:58
Normal Defense
1 - 40% - 40% - 17:36
2 - 32% - 30% - 14:13
3 - 18% - 20% - 7:59
4 - 10% - 10% - 4:26
PP Forward
1 - 55% - 60% - 3:36
2 - 45% - 40% - 3:00
PP Defense
1 - 74% - 60% - 4:53
2 - 26% - 40% - 1:43
PK Forward
1 - 75% - 60% - 5:57
2 - 25% - 40% - 1:59
PK Defense
1 - 55% - 60% - 4:22
2 - 45% - 40% - 3:34
PK3 Forward
1 - 0% - 60%
2 - 0% - 40%
PK3 Defense
1 - 0% - 60%
2 - 0% - 40%
44 Forward
1 - 0% - 60%
2 - 0% - 40%
44 Defense
1 - 0% - 60%
2 - 0% - 40%
Last Minute Offensive - 0:00
Last Minute Defensive - 1:14
Total
Forward - 60:00
Defense - 60:00
|
% Time on Ice - Saguenéens
Lines # - Real PCT - Wanted PCT - Time Play
Normal Forward
1 - 34% - 40% - 14:59
2 - 26% - 30% - 11:27
3 - 23% - 20% - 10:01
4 - 18% - 10% - 7:48
Normal Defense
1 - 41% - 40% - 18:04
2 - 31% - 30% - 13:47
3 - 26% - 20% - 11:42
4 - 2% - 10% - 0:42
PP Forward
1 - 54% - 60% - 4:17
2 - 46% - 40% - 3:39
PP Defense
1 - 58% - 60% - 4:36
2 - 42% - 40% - 3:20
PK Forward
1 - 74% - 60% - 4:53
2 - 26% - 40% - 1:43
PK Defense
1 - 57% - 60% - 3:44
2 - 43% - 40% - 2:52
PK3 Forward
1 - 0% - 60%
2 - 0% - 40%
PK3 Defense
1 - 0% - 60%
2 - 0% - 40%
44 Forward
1 - 0% - 60%
2 - 0% - 40%
44 Defense
1 - 0% - 60%
2 - 0% - 40%
Last Minute Offensive - 1:13
Last Minute Defensive - 0:00
Total
Forward - 60:00
Defense - 60:00
|
Play-by-Play
1st period
0:01 of 1st period - Nathan MacKinnon wins face-off versus Christian Hanson in neutral zone.
0:26 of 1st period - Anthony Bitetto is hit by Rhett Rakhshani and loses puck.
1:44 of 1st period - Wrist shot by Richard Nejezchleb.
1:44 of 1st period - Deflect By Joakim Nordstrom.
1:44 of 1st period - Shot Blocked by Patrick Sieloff.
1:44 of 1st period - Puck is out of play.
1:45 of 1st period - Ryan Fitzgerald wins face-off versus Mattias Janmark in Saguenéens zone.
1:52 of 1st period - Snap shot by Joakim Nordstrom.
1:52 of 1st period - Stopped by Joe Cannata with a rebound.
1:54 of 1st period - Slapshot by Anthony Bitetto.
1:54 of 1st period - Shot Misses the Net.
1:56 of 1st period - Snap shot by Joakim Nordstrom.
1:56 of 1st period - Shot Misses the Net.
1:58 of 1st period - Slapshot by Timothy Kunes.
1:58 of 1st period - Shot Misses the Net.
2:08 of 1st period - Patrick Sieloff is hit by Anthony Bitetto and loses puck.
2:49 of 1st period - Slapshot by Timothy Kunes.
2:49 of 1st period - Shot Misses the Net.
3:11 of 1st period - Slapshot by Joakim Nordstrom.
3:11 of 1st period - Shot Blocked by Duncan Siemens.
3:13 of 1st period - Slapshot by Timothy Kunes.
3:13 of 1st period - Stopped by Joe Cannata with a rebound.
3:15 of 1st period - Snap shot by Anthony Bitetto.
3:15 of 1st period - Stopped by Joe Cannata without a rebound.
3:16 of 1st period - Nathan MacKinnon wins face-off versus Leon Draisaitl in Saguenéens zone.
3:41 of 1st period - Dillon Heatherington is hit by Carl Hagelin and loses puck.
3:48 of 1st period - Slapshot by Matt Calvert.
3:48 of 1st period - Stopped by Joe Cannata without a rebound.
3:49 of 1st period - Leon Draisaitl wins face-off versus Alexander Wennberg in Saguenéens zone.
3:54 of 1st period - Snap shot by Justin Florek.
3:54 of 1st period - Deflect By Leon Draisaitl.
3:54 of 1st period - Stopped by Joe Cannata with a rebound.
6:19 of 1st period - Luke Witkowski is hit by Ondrej Kase and loses puck.
6:24 of 1st period - Wrist shot by Leon Draisaitl.
6:24 of 1st period - Deflect By Justin Florek.
6:24 of 1st period - Stopped by Joe Cannata with a rebound.
6:40 of 1st period - Wrist shot by Craig Cunningham.
6:40 of 1st period - Shot Blocked by Anthony Bitetto.
6:42 of 1st period - Wrist shot by Henrik Samuelsson.
6:42 of 1st period - Goal by Henrik Samuelsson - River Frogs : 0 - Saguenéens : 1.
6:43 of 1st period - Nathan MacKinnon wins face-off versus Matt Calvert in neutral zone.
6:47 of 1st period - Minor Penalty to Matt Calvert for Hooking.
6:48 of 1st period - Nathan MacKinnon wins face-off versus Christian Hanson in River Frogs zone.
7:29 of 1st period - Snap shot by Alexander Wennberg.
7:29 of 1st period - Stopped by Phoenix Copley without a rebound.
7:30 of 1st period - Christian Hanson wins face-off versus Alexander Wennberg in River Frogs zone.
7:41 of 1st period - Slapshot by Luke Witkowski.
7:41 of 1st period - Stopped by Phoenix Copley with a rebound.
7:43 of 1st period - Snap shot by Carl Hagelin.
7:43 of 1st period - Stopped by Phoenix Copley with a rebound.
7:45 of 1st period - Slapshot by Luke Witkowski.
7:45 of 1st period - Deflect By Alexander Wennberg.
7:45 of 1st period - Shot Misses the Net.
7:45 of 1st period - Puck is out of play.
7:46 of 1st period - Christian Hanson wins face-off versus Nathan MacKinnon in River Frogs zone.
8:10 of 1st period - Timothy Kunes is hit by Alexander Wennberg and loses puck.
8:39 of 1st period - Christian Hanson is hit by Jonathan Drouin and loses puck.
8:47 of 1st period - Penalty to Matt Calvert is over, Matt Calvert is back on ice.
9:06 of 1st period - Christian Hanson is hit by Craig Cunningham and loses puck.
9:17 of 1st period - Austin Watson is hit by Adam Erne and loses puck.
9:42 of 1st period - Snap shot by Alexander Wennberg.
9:42 of 1st period - Goal by Alexander Wennberg - River Frogs : 0 - Saguenéens : 2.
9:43 of 1st period - Nathan MacKinnon wins face-off versus Leon Draisaitl in neutral zone.
10:15 of 1st period - Snap shot by Carl Hagelin.
10:15 of 1st period - Deflect By Alexander Wennberg.
10:15 of 1st period - Shot Hit the Post.
10:15 of 1st period - Puck is out of play.
10:16 of 1st period - Alexander Wennberg wins face-off versus Christian Hanson in River Frogs zone.
10:17 of 1st period - Wrist shot by Mark Stone.
10:17 of 1st period - Deflect By Carl Hagelin.
10:17 of 1st period - Shot Hit the Post.
10:17 of 1st period - Puck is out of play.
10:18 of 1st period - Christian Hanson wins face-off versus Alexander Wennberg in River Frogs zone.
10:26 of 1st period - Minor Penalty to Nick Mattson for Holding.
10:27 of 1st period - Christian Hanson wins face-off versus Henrik Samuelsson in Saguenéens zone.
10:29 of 1st period - Slapshot by Christian Hanson.
10:29 of 1st period - Stopped by Joe Cannata without a rebound.
10:30 of 1st period - Henrik Samuelsson wins face-off versus Christian Hanson in Saguenéens zone.
11:05 of 1st period - Wrist shot by Leon Draisaitl.
11:05 of 1st period - Deflect By Nathan MacKinnon.
11:05 of 1st period - Goal by Leon Draisaitl - River Frogs : 1 - Saguenéens : 2.
11:06 of 1st period - Christian Hanson wins face-off versus Nathan MacKinnon in neutral zone.
11:11 of 1st period - Wrist shot by Matt Calvert.
11:11 of 1st period - Shot Misses the Net.
11:13 of 1st period - Slapshot by Anthony Bitetto.
11:13 of 1st period - Stopped by Joe Cannata with a rebound.
11:15 of 1st period - Snap shot by Christian Hanson.
11:15 of 1st period - Stopped by Joe Cannata without a rebound.
11:16 of 1st period - Luke Witkowski wins face-off versus Christian Hanson in Saguenéens zone.
11:29 of 1st period - Wrist shot by Matt Calvert.
11:29 of 1st period - Shot Misses the Net.
11:31 of 1st period - Wrist shot by Christian Hanson.
11:31 of 1st period - Stopped by Joe Cannata without a rebound.
11:32 of 1st period - Alexander Wennberg wins face-off versus Justin Florek in Saguenéens zone.
11:57 of 1st period - Mason Raymond is hit by Anthony Bitetto and loses puck.
12:52 of 1st period - Backhand shot by Timothy Kunes.
12:52 of 1st period - Shot Blocked by Seth Helgeson.
13:04 of 1st period - Anthony Bitetto is hit by Mattias Janmark and loses puck.
14:05 of 1st period - Snap shot by Alexander Wennberg.
14:05 of 1st period - Stopped by Phoenix Copley with a rebound.
14:07 of 1st period - Snap shot by Jake McCabe.
14:07 of 1st period - Goal by Jake McCabe - River Frogs : 1 - Saguenéens : 3.
14:08 of 1st period - Nathan MacKinnon wins face-off versus Christian Hanson in neutral zone.
14:11 of 1st period - Christian Hanson is hit by Mason Raymond and loses puck.
14:40 of 1st period - Nick Mattson is hit by Justin Florek and loses puck.
15:05 of 1st period - Slapshot by Austin Watson.
15:05 of 1st period - Shot Misses the Net.
15:07 of 1st period - Wrist shot by Austin Watson.
15:07 of 1st period - Shot Misses the Net.
15:23 of 1st period - Snap shot by Richard Nejezchleb.
15:23 of 1st period - Stopped by Joe Cannata with a rebound.
15:44 of 1st period - Wrist shot by Christian Hanson.
15:44 of 1st period - Shot Blocked by Duncan Siemens.
15:46 of 1st period - Slapshot by Emerson Etem.
15:46 of 1st period - Goal by Emerson Etem - River Frogs : 2 - Saguenéens : 3.
15:47 of 1st period - Christian Hanson wins face-off versus Nathan MacKinnon in neutral zone.
16:17 of 1st period - Wrist shot by Justin Florek.
16:17 of 1st period - Shot Misses the Net.
16:19 of 1st period - Wrist shot by Justin Florek.
16:19 of 1st period - Stopped by Joe Cannata without a rebound.
16:20 of 1st period - Matt Calvert wins face-off versus Alexander Wennberg in Saguenéens zone.
17:28 of 1st period - Seth Helgeson is hit by Anthony Bitetto and loses puck.
17:51 of 1st period - Wrist shot by Shane Sims.
17:51 of 1st period - Shot Misses the Net.
18:11 of 1st period - Wrist shot by Leon Draisaitl.
18:11 of 1st period - Shot Misses the Net.
18:21 of 1st period - Slapshot by Seth Helgeson.
18:21 of 1st period - Shot Misses the Net.
18:29 of 1st period - Wrist shot by Henrik Samuelsson.
18:29 of 1st period - Shot Blocked by Morgan Rielly.
19:00 of 1st period - Richard Nejezchleb is hit by Carl Hagelin.
19:22 of 1st period - Wrist shot by Luke Witkowski.
19:22 of 1st period - Stopped by Phoenix Copley without a rebound.
19:23 of 1st period - Nathan MacKinnon wins face-off versus Leon Draisaitl in River Frogs zone.
19:36 of 1st period - Snap shot by Luke Witkowski.
19:36 of 1st period - Stopped by Phoenix Copley with a rebound.
19:38 of 1st period - Slapshot by Patrick Sieloff.
19:38 of 1st period - Shot Misses the Net.
Goals for this period are 2 for River Frogs vs 3 for Saguenéens.
Shots for this period are 14 for River Frogs vs 9 for Saguenéens.
2nd period
0:01 of 2nd period - Christian Hanson wins face-off versus Nathan MacKinnon in neutral zone.
0:04 of 2nd period - Snap shot by Matt Calvert.
0:04 of 2nd period - Goal by Matt Calvert - River Frogs : 3 - Saguenéens : 3.
0:05 of 2nd period - Nathan MacKinnon wins face-off versus Christian Hanson in neutral zone.
0:30 of 2nd period - Alexander Wennberg is hit by Timothy Kunes.
1:34 of 2nd period - Snap shot by Mattias Janmark.
1:34 of 2nd period - Shot Blocked by Joakim Nordstrom.
1:36 of 2nd period - Snap shot by Jonathan Drouin.
1:36 of 2nd period - Shot Blocked by Shane Sims.
1:50 of 2nd period - Wrist shot by Mattias Janmark.
1:50 of 2nd period - Stopped by Phoenix Copley without a rebound.
1:51 of 2nd period - Nathan MacKinnon wins face-off versus Christian Hanson in River Frogs zone.
3:01 of 2nd period - Snap shot by Luke Witkowski.
3:01 of 2nd period - Shot Misses the Net.
3:03 of 2nd period - Slapshot by Nathan MacKinnon.
3:03 of 2nd period - Stopped by Phoenix Copley with a rebound.
4:46 of 2nd period - Minor Penalty to Justin Florek for Hooking.
4:47 of 2nd period - Christian Hanson wins face-off versus Nathan MacKinnon in River Frogs zone.
5:00 of 2nd period - Wrist shot by Nathan MacKinnon.
5:00 of 2nd period - Shot Misses the Net.
5:54 of 2nd period - Aaron Ness is hit by Carl Hagelin and loses puck.
6:46 of 2nd period - Penalty to Justin Florek is over, Justin Florek is back on ice.
6:49 of 2nd period - Slapshot by Craig Cunningham.
6:49 of 2nd period - Stopped by Phoenix Copley with a rebound.
6:56 of 2nd period - Off-side.
6:57 of 2nd period - Leon Draisaitl wins face-off versus Henrik Samuelsson in neutral zone.
7:02 of 2nd period - Snap shot by Ondrej Kase.
7:02 of 2nd period - Shot Misses the Net.
7:45 of 2nd period - Wrist shot by Joakim Nordstrom.
7:45 of 2nd period - Stopped by Joe Cannata with a rebound.
8:13 of 2nd period - Wrist shot by Mattias Janmark.
8:13 of 2nd period - Deflect By Adam Erne.
8:13 of 2nd period - Shot Misses the Net.
8:13 of 2nd period - Puck is out of play.
8:14 of 2nd period - Christian Hanson wins face-off versus Henrik Samuelsson in River Frogs zone.
8:23 of 2nd period - Slapshot by Anthony Bitetto.
8:23 of 2nd period - Shot Misses the Net.
8:25 of 2nd period - Slapshot by Timothy Kunes.
8:25 of 2nd period - Stopped by Joe Cannata with a rebound.
8:27 of 2nd period - Wrist shot by Emerson Etem.
8:27 of 2nd period - Goal by Emerson Etem - River Frogs : 4 - Saguenéens : 3.
8:28 of 2nd period - Christian Hanson wins face-off versus Nathan MacKinnon in neutral zone.
8:31 of 2nd period - Slapshot by Anthony Bitetto.
8:31 of 2nd period - Stopped by Joe Cannata with a rebound.
8:33 of 2nd period - Snap shot by Matt Calvert.
8:33 of 2nd period - Stopped by Joe Cannata without a rebound.
8:34 of 2nd period - Christian Hanson wins face-off versus Nathan MacKinnon in Saguenéens zone.
10:23 of 2nd period - Slapshot by Nick Mattson.
10:23 of 2nd period - Deflect By Alexander Wennberg.
10:23 of 2nd period - Stopped by Phoenix Copley with a rebound.
10:29 of 2nd period - Nick Mattson is hit by Justin Florek and loses puck.
10:46 of 2nd period - Snap shot by Austin Watson.
10:46 of 2nd period - Shot Misses the Net.
10:51 of 2nd period - Off-side.
10:52 of 2nd period - Christian Hanson wins face-off versus Nathan MacKinnon in neutral zone.
10:54 of 2nd period - Minor Penalty to Emerson Etem for Holding.
10:55 of 2nd period - Mark Stone wins face-off versus Christian Hanson in River Frogs zone.
10:55 of 2nd period - Wrist shot by Nathan MacKinnon.
10:55 of 2nd period - Shot Blocked by Anthony Bitetto.
11:07 of 2nd period - Snap shot by Nathan MacKinnon.
11:07 of 2nd period - Shot Misses the Net.
11:17 of 2nd period - Mason Raymond is hit by Anthony Bitetto and loses puck.
11:28 of 2nd period - Slapshot by Alexander Wennberg.
11:28 of 2nd period - Stopped by Phoenix Copley without a rebound.
11:29 of 2nd period - Alexander Wennberg wins face-off versus Christian Hanson in River Frogs zone.
11:40 of 2nd period - Shane Sims is hit by Alexander Wennberg and loses puck.
11:45 of 2nd period - Snap shot by Alexander Wennberg.
11:45 of 2nd period - Stopped by Phoenix Copley without a rebound.
11:46 of 2nd period - Christian Hanson wins face-off versus Nathan MacKinnon in River Frogs zone.
11:46 of 2nd period - Christian Hanson is hit by Jake McCabe.
12:14 of 2nd period - Wrist shot by Alexander Wennberg.
12:14 of 2nd period - Stopped by Phoenix Copley without a rebound.
12:15 of 2nd period - Christian Hanson wins face-off versus Alexander Wennberg in River Frogs zone.
12:54 of 2nd period - Penalty to Emerson Etem is over, Emerson Etem is back on ice.
13:10 of 2nd period - Slapshot by Craig Cunningham.
13:10 of 2nd period - Stopped by Phoenix Copley with a rebound.
13:22 of 2nd period - Slapshot by Mattias Janmark.
13:22 of 2nd period - Goal by Mattias Janmark - River Frogs : 4 - Saguenéens : 4.
13:23 of 2nd period - Nathan MacKinnon wins face-off versus Christian Hanson in neutral zone.
13:26 of 2nd period - Snap shot by Luke Witkowski.
13:26 of 2nd period - Deflect By Nathan MacKinnon.
13:26 of 2nd period - Shot Misses the Net.
13:26 of 2nd period - Puck is out of play.
13:27 of 2nd period - Christian Hanson wins face-off versus Nathan MacKinnon in River Frogs zone.
13:52 of 2nd period - Snap shot by Mark Stone.
13:52 of 2nd period - Shot Misses the Net.
14:49 of 2nd period - Minor Penalty to Nick Mattson for Slashing.
14:50 of 2nd period - Henrik Samuelsson wins face-off versus Christian Hanson in Saguenéens zone.
14:54 of 2nd period - Matt Calvert is hit by Luke Witkowski and loses puck.
15:32 of 2nd period - Slapshot by Leon Draisaitl.
15:32 of 2nd period - Shot Blocked by Jake McCabe.
16:49 of 2nd period - Penalty to Nick Mattson is over, Nick Mattson is back on ice.
17:08 of 2nd period - Slapshot by Borna Rendulic.
17:08 of 2nd period - Goal by Borna Rendulic - River Frogs : 5 - Saguenéens : 4.
17:09 of 2nd period - Justin Florek wins face-off versus Mason Raymond in neutral zone.
17:16 of 2nd period - Wrist shot by Nathan MacKinnon.
17:16 of 2nd period - Stopped by Phoenix Copley without a rebound.
17:17 of 2nd period - Leon Draisaitl wins face-off versus Nathan MacKinnon in River Frogs zone.
17:32 of 2nd period - Snap shot by Leon Draisaitl.
17:32 of 2nd period - Shot Misses the Net.
17:42 of 2nd period - Slapshot by Mark Stone.
17:42 of 2nd period - Stopped by Phoenix Copley with a rebound.
17:44 of 2nd period - Slapshot by Seth Helgeson.
17:44 of 2nd period - Stopped by Phoenix Copley with a rebound.
17:46 of 2nd period - Snap shot by Alexander Wennberg.
17:46 of 2nd period - Goal by Alexander Wennberg - River Frogs : 5 - Saguenéens : 5.
17:47 of 2nd period - Nathan MacKinnon wins face-off versus Christian Hanson in neutral zone.
18:14 of 2nd period - Alexander Wennberg is hit by Leon Draisaitl and loses puck.
18:19 of 2nd period - Snap shot by Leon Draisaitl.
18:19 of 2nd period - Deflect By Ondrej Kase.
18:19 of 2nd period - Stopped by Joe Cannata without a rebound.
18:20 of 2nd period - Christian Hanson wins face-off versus Alexander Wennberg in Saguenéens zone.
18:27 of 2nd period - Snap shot by Matt Calvert.
18:27 of 2nd period - Shot Misses the Net.
18:29 of 2nd period - Snap shot by Emerson Etem.
18:29 of 2nd period - Shot Misses the Net.
18:31 of 2nd period - Slapshot by Aaron Ness.
18:31 of 2nd period - Stopped by Joe Cannata without a rebound.
18:32 of 2nd period - Christian Hanson wins face-off versus Nathan MacKinnon in Saguenéens zone.
18:36 of 2nd period - Minor Penalty to Mason Raymond for Hooking.
18:37 of 2nd period - Christian Hanson wins face-off versus Luke Witkowski in Saguenéens zone.
18:37 of 2nd period - Slapshot by Anthony Bitetto.
18:37 of 2nd period - Stopped by Joe Cannata without a rebound.
18:38 of 2nd period - Henrik Samuelsson wins face-off versus Christian Hanson in Saguenéens zone.
19:15 of 2nd period - Robert Hagg is hit by Ondrej Kase and loses puck.
Goals for this period are 3 for River Frogs vs 2 for Saguenéens.
Shots for this period are 10 for River Frogs vs 13 for Saguenéens.
3rd period
0:01 of 3rd period - Christian Hanson wins face-off versus Henrik Samuelsson in neutral zone.
0:35 of 3rd period - Snap shot by Christian Hanson.
0:35 of 3rd period - Stopped by Joe Cannata without a rebound.
0:36 of 3rd period - Penalty to Mason Raymond is over, Mason Raymond is back on ice.
0:36 of 3rd period - Leon Draisaitl wins face-off versus Alexander Wennberg in Saguenéens zone.
0:49 of 3rd period - Wrist shot by Justin Florek.
0:49 of 3rd period - Stopped by Joe Cannata without a rebound.
0:50 of 3rd period - Nathan MacKinnon wins face-off versus Ondrej Kase in Saguenéens zone.
0:50 of 3rd period - Nathan MacKinnon is hit by Timothy Kunes.
1:12 of 3rd period - Minor Penalty to Mason Raymond for Roughing.
1:13 of 3rd period - Matt Calvert wins face-off versus Henrik Samuelsson in Saguenéens zone.
1:28 of 3rd period - Snap shot by Matt Calvert.
1:28 of 3rd period - Shot Misses the Net.
1:38 of 3rd period - Luke Witkowski is hit by Leon Draisaitl.
2:11 of 3rd period - Snap shot by Justin Florek.
2:11 of 3rd period - Stopped by Joe Cannata with a rebound.
2:17 of 3rd period - Snap shot by Justin Florek.
2:17 of 3rd period - Shot Misses the Net.
2:19 of 3rd period - Slapshot by Anthony Bitetto.
2:19 of 3rd period - Stopped by Joe Cannata with a rebound.
2:21 of 3rd period - Snap shot by Timothy Kunes.
2:21 of 3rd period - Stopped by Joe Cannata with a rebound.
2:23 of 3rd period - Slapshot by Timothy Kunes.
2:23 of 3rd period - Deflect By Justin Florek.
2:23 of 3rd period - Stopped by Joe Cannata with a rebound.
2:25 of 3rd period - Wrist shot by Justin Florek.
2:25 of 3rd period - Stopped by Joe Cannata with a rebound.
2:27 of 3rd period - Wrist shot by Leon Draisaitl.
2:27 of 3rd period - Shot Misses the Net.
2:29 of 3rd period - Slapshot by Anthony Bitetto.
2:29 of 3rd period - Shot Misses the Net.
3:12 of 3rd period - Penalty to Mason Raymond is over, Mason Raymond is back on ice.
3:22 of 3rd period - Wrist shot by Carl Hagelin.
3:22 of 3rd period - Shot Blocked by Jared Knight.
3:24 of 3rd period - Slapshot by Seth Helgeson.
3:24 of 3rd period - Shot Blocked by Shane Sims.
3:26 of 3rd period - Backhand shot by Seth Helgeson.
3:26 of 3rd period - Deflect By Mark Stone.
3:26 of 3rd period - Stopped by Phoenix Copley with a rebound.
3:28 of 3rd period - Snap shot by Alexander Wennberg.
3:28 of 3rd period - Shot Misses the Net.
3:32 of 3rd period - Wrist shot by Alexander Wennberg.
3:32 of 3rd period - Stopped by Phoenix Copley with a rebound.
4:24 of 3rd period - Minor Penalty to Richard Nejezchleb for Elbowing.
4:25 of 3rd period - Nathan MacKinnon wins face-off versus Christian Hanson in River Frogs zone.
4:35 of 3rd period - Wrist shot by Nathan MacKinnon.
4:35 of 3rd period - Stopped by Phoenix Copley with a rebound.
4:37 of 3rd period - Wrist shot by Seth Helgeson.
4:37 of 3rd period - Shot Blocked by Shane Sims.
4:39 of 3rd period - Slapshot by Mason Raymond.
4:39 of 3rd period - Shot Misses the Net.
4:41 of 3rd period - Snap shot by Mark Stone.
4:41 of 3rd period - Deflect By Nathan MacKinnon.
4:41 of 3rd period - Stopped by Phoenix Copley with a rebound.
5:23 of 3rd period - Timothy Kunes is hit by Alexander Wennberg.
5:33 of 3rd period - Jonathan Drouin is hit by Matt Calvert and loses puck.
6:24 of 3rd period - Penalty to Richard Nejezchleb is over, Richard Nejezchleb is back on ice.
6:24 of 3rd period - Aaron Ness is hit by Rhett Rakhshani and loses puck.
7:53 of 3rd period - Dillon Heatherington is hit by Nick Mattson.
8:09 of 3rd period - Slapshot by Joakim Nordstrom.
8:09 of 3rd period - Deflect By Ryan Fitzgerald.
8:09 of 3rd period - Shot Misses the Net.
8:09 of 3rd period - Puck is out of play.
8:10 of 3rd period - Henrik Samuelsson wins face-off versus Ryan Fitzgerald in Saguenéens zone.
8:15 of 3rd period - Slapshot by Rhett Rakhshani.
8:15 of 3rd period - Stopped by Phoenix Copley with a rebound.
8:17 of 3rd period - Snap shot by Craig Cunningham.
8:17 of 3rd period - Deflect By Henrik Samuelsson.
8:17 of 3rd period - Shot Misses the Net.
8:17 of 3rd period - Puck is out of play.
8:18 of 3rd period - Christian Hanson wins face-off versus Nathan MacKinnon in River Frogs zone.
8:48 of 3rd period - Wrist shot by Alexander Wennberg.
8:48 of 3rd period - Stopped by Phoenix Copley without a rebound.
8:49 of 3rd period - Alexander Wennberg wins face-off versus Christian Hanson in River Frogs zone.
10:25 of 3rd period - Off-side.
10:26 of 3rd period - Alexander Wennberg wins face-off versus Christian Hanson in neutral zone.
10:52 of 3rd period - Matt Calvert is hit by Jake McCabe and loses puck.
12:00 of 3rd period - Ryan Fitzgerald is hit by Henrik Samuelsson and loses puck.
12:21 of 3rd period - Snap shot by Carl Hagelin.
12:21 of 3rd period - Shot Misses the Net.
12:23 of 3rd period - Snap shot by Seth Helgeson.
12:23 of 3rd period - Stopped by Phoenix Copley with a rebound.
12:53 of 3rd period - Jared Knight is hit by Jonathan Drouin and loses puck.
13:02 of 3rd period - Snap shot by Jared Knight.
13:02 of 3rd period - Shot Misses the Net.
13:04 of 3rd period - Wrist shot by Jared Knight.
13:04 of 3rd period - Stopped by Joe Cannata with a rebound.
13:14 of 3rd period - Slapshot by Nick Mattson.
13:14 of 3rd period - Shot Blocked by Matt Calvert.
13:16 of 3rd period - Snap shot by Henrik Samuelsson.
13:16 of 3rd period - Shot Misses the Net.
13:18 of 3rd period - Snap shot by Rhett Rakhshani.
13:18 of 3rd period - Goal by Rhett Rakhshani - River Frogs : 5 - Saguenéens : 6.
13:19 of 3rd period - Nathan MacKinnon wins face-off versus Christian Hanson in neutral zone.
13:22 of 3rd period - Snap shot by Luke Witkowski.
13:22 of 3rd period - Stopped by Phoenix Copley without a rebound.
13:23 of 3rd period - Matt Calvert wins face-off versus Nathan MacKinnon in River Frogs zone.
13:38 of 3rd period - Off-side.
13:39 of 3rd period - Leon Draisaitl wins face-off versus Alexander Wennberg in neutral zone.
13:50 of 3rd period - Snap shot by Alexander Wennberg.
13:50 of 3rd period - Stopped by Phoenix Copley with a rebound.
14:06 of 3rd period - Timothy Kunes is hit by Luke Witkowski and loses puck.
14:25 of 3rd period - Snap shot by Henrik Samuelsson.
14:25 of 3rd period - Stopped by Phoenix Copley with a rebound.
14:50 of 3rd period - Wrist shot by Justin Florek.
14:50 of 3rd period - Goal by Justin Florek - River Frogs : 6 - Saguenéens : 6.
14:51 of 3rd period - Nathan MacKinnon wins face-off versus Matt Calvert in neutral zone.
15:16 of 3rd period - Craig Cunningham is hit by Ondrej Kase and loses puck.
15:25 of 3rd period - Slapshot by Craig Cunningham.
15:25 of 3rd period - Stopped by Phoenix Copley with a rebound.
15:39 of 3rd period - Austin Watson is hit by Carl Hagelin and loses puck.
16:33 of 3rd period - Snap shot by Ryan Fitzgerald.
16:33 of 3rd period - Goal by Ryan Fitzgerald - River Frogs : 7 - Saguenéens : 6.
16:34 of 3rd period - Henrik Samuelsson wins face-off versus Jared Knight in neutral zone.
16:42 of 3rd period - Jake McCabe is hit by Anthony Bitetto and loses puck.
17:02 of 3rd period - Snap shot by Mason Raymond.
17:02 of 3rd period - Shot Blocked by Timothy Kunes.
18:01 of 3rd period - Slapshot by Shane Sims.
18:01 of 3rd period - Stopped by Joe Cannata with a rebound.
18:03 of 3rd period - Slapshot by Aaron Ness.
18:03 of 3rd period - Stopped by Joe Cannata without a rebound.
18:04 of 3rd period - Jared Knight wins face-off versus Henrik Samuelsson in Saguenéens zone.
18:13 of 3rd period - Slapshot by Timothy Kunes.
18:13 of 3rd period - Stopped by Joe Cannata with a rebound.
18:15 of 3rd period - Snap shot by Jared Knight.
18:15 of 3rd period - Shot Blocked by Henrik Samuelsson.
18:17 of 3rd period - Snap shot by Borna Rendulic.
18:17 of 3rd period - Shot Misses the Net.
19:01 of 3rd period - Snap shot by Emerson Etem.
19:01 of 3rd period - Stopped by Joe Cannata with a rebound.
19:06 of 3rd period - Slapshot by Anthony Bitetto.
19:06 of 3rd period - Stopped by Joe Cannata with a rebound.
19:08 of 3rd period - Snap shot by Matt Calvert.
19:08 of 3rd period - Stopped by Joe Cannata without a rebound.
19:09 of 3rd period - Mario Tremblay call a timeout for Saguenéens.
19:09 of 3rd period - Nathan MacKinnon wins face-off versus Christian Hanson in Saguenéens zone.
19:14 of 3rd period - Saguenéens, Joe Cannata is pulled from the net.
19:29 of 3rd period - Snap shot by Nathan MacKinnon.
19:29 of 3rd period - Stopped by Phoenix Copley with a rebound.
19:31 of 3rd period - Wrist shot by Nathan MacKinnon.
19:31 of 3rd period - Shot Misses the Net.
19:58 of 3rd period - Snap shot by Christian Hanson.
19:58 of 3rd period - Goal by Christian Hanson - River Frogs : 8 - Saguenéens : 6.
19:58 of 3rd period - Joe Cannata from Saguenéens was sent back in the game.
19:59 of 3rd period - Nathan MacKinnon wins face-off versus Christian Hanson in neutral zone.
Goals for this period are 3 for River Frogs vs 1 for Saguenéens.
Shots for this period are 17 for River Frogs vs 13 for Saguenéens.
Back to the Top